 Dungeon Crawl Stone Soup version 0.13.0-7-g3df9ff1 (webtiles) character file.

358 Econoterrorist the Charmwright (level 5, -1/34 HPs)
             Began as a High Elf Skald on Oct 16, 2013.
             Slain by a decayed bog body (2 damage)
             ... in an ossuary.
             The game lasted 00:16:57 (3107 turns).

Econoterrorist the Charmwright (High Elf Skald)     Turns: 3107, Time: 00:16:57

HP  -1/34        AC  7     Str 11      XL: 5   Next: 32%
MP   9/13        EV 12     Int 17      God:
Gold 180         SH  0     Dex 14      Spells:  3 memorised,  2 levels left

Res.Fire  : + + .   See Invis. : .   a - +0 elf falchion
Res.Cold  : . . .   Warding    : .   A - +2 robe {MR+}
Life Prot.: . . .   Conserve   : .   (no shield)
Res.Poison: .       Res.Corr.  : .   B - +0 helmet
Res.Elec. : .       Clarity    : .   (no cloak)
Sust.Abil.: . .     Spirit.Shd : .   b - +0 pair of gloves
Res.Mut.  : +       Stasis     : .   q - +0 pair of dwarf boots
Res.Rott. : .       Flight     : .   f - amulet of resist mutation
Saprovore : . . .                    w - ring of protection from fire
                                     i - ring of protection from fire

@: somewhat resistant to hostile enchantments, unstealthy
A: no striking features
a: no special abilities


You were in an ossuary.
You were hungry.

You visited 1 branch of the dungeon, and saw 4 of its levels.
You also visited: Ossuary.

You collected 160 gold pieces.

Inventory:

Hand weapons
 a - a +0,+0 elven falchion (weapon)
Armour
 b - a +0 pair of gloves (worn)
 q - a +0 pair of dwarven boots (worn)
 A - a +2 robe of magic resistance (worn)
 B - a +0 helmet (worn)
Magical devices
 y - a wand of confusion (0)
Comestibles
 d - 6 bread rations
 k - 3 meat rations
 x - 2 pears
Scrolls
 e - 4 scrolls of identify
 g - 2 scrolls of magic mapping {unknown}
 h - 3 scrolls of teleportation {unknown}
 l - a scroll of amnesia {unknown}
 m - 2 scrolls of enchant weapon I {unknown}
 n - a scroll of enchant weapon II {unknown}
 o - 2 scrolls of blinking {unknown}
 p - 2 scrolls of curse armour {unknown}
 r - 2 scrolls of random uselessness {unknown}
 v - a scroll of recharging {unknown}
Jewellery
 f - an amulet of resist mutation (around neck)
 i - a ring of protection from fire (left hand)
 w - a ring of protection from fire (right hand)
Potions
 j - 2 potions of curing
 s - 2 potions of might {unknown}
 t - a potion of magic {unknown}
 u - a potion of slowing {unknown}
 z - 2 potions of poison {unknown}
 C - 2 potions of brilliance {unknown}
 D - a potion of speed
Books
 c - a book of Battle

   Spells                             Type                      Level
   *Infusion                          Charms                       1
   *Shroud of Golubria                Charms/Translocation         2
   Song of Slaying                    Charms                       2
   Spectral Weapon                    Hexes/Charms                 3
   *Regeneration                      Charms/Necromancy            3
   Song of Shielding                  Charms                       4


   Skills:
 - Level 2.0 Fighting
 - Level 4.1 Long Blades
 - Level 0.8 Armour
 - Level 1.1 Dodging
 - Level 2.4 Spellcasting
 - Level 5.0 Charms
 + Level 2.6 Necromancy


You had 2 spell levels left.
You knew the following spells:

 Your Spells              Type           Power        Failure   Level  Hunger
a - Infusion              Chrm           ###...       2%          1    #......
b - Shroud of Golubria    Chrm/Tloc      ##........   12%         2    ##.....
c - Regeneration          Chrm/Necr      ##........   14%         3    ###....


Dungeon Overview and Level Annotations

Branches:
Dungeon (4/27)
 Temple: D:4-7

Altars:


Message History

You hit the decayed bog body!
The decayed bog body is heavily damaged.
The decayed bog body hits you. The decayed bog body barely misses you.
The decayed bog body hits you but does no damage.
The decayed bog body misses you.
Unknown command.
You hit the decayed bog body.
The decayed bog body is almost destroyed.
The decayed bog body hits you!
Ouch! That really hurt!
* * * LOW HITPOINT WARNING * * *
The decayed bog body completely misses you.
The decayed bog body barely misses you.
The decayed bog body touches you but does no damage.
The decayed bog body casts a spell.
You smell decay.
The decayed bog body hits you!
* * * LOW HITPOINT WARNING * * *
The decayed bog body misses you. The decayed bog body barely misses you.
The decayed bog body touches you.
You die...

≈ #≈≈. ≈≈≈##
#... #.≈## #
≈.≈P##≈#
#####.≈≈≈≈≈≈
#∩.n#≈..#
#.@.nz≈#≈#
#..n#≈.P≈#
#####.≈#≈#
≈≈..≈#
.≈.≈#≈≈≈
≈.≈.≈≈##≈≈#
≈≈###≈## ≈
##≈ ≈# # ##


You could see 3 decayed bog bodies and a worker ant zombie.

Vanquished Creatures
  A bog body (Ossuary)
  Jessica (D:2)
  3 adders
  3 giant mites
  3 worms
  6 goblins
  5 hobgoblins
  13 jackals
  2 quokkas (D:3)
  3 ball pythons
  6 bats
  2 giant cockroaches
  4 giant geckos
  3 giant newts
  6 kobolds
  14 rats
75 creatures vanquished.

Vanquished Creatures (others)
  A plant (Ossuary)
1 creature vanquished.

Grand Total: 76 creatures vanquished

Notes
Turn   | Place    | Note
--------------------------------------------------------------
     0 | D:1      | Econoterrorist, the High Elf Skald, began the quest for the Orb.
     0 | D:1      | Reached XP level 1. HP: 13/13 MP: 4/4
   315 | D:1      | Reached XP level 2. HP: 1/18 MP: 6/6
   319 | D:1      | Learned a level 2 spell: Shroud of Golubria
  1071 | D:1      | Reached skill level 4 in Long Blades
  1256 | D:1      | Reached XP level 3. HP: 23/23 MP: 8/8
  1716 | D:2      | Learned a level 3 spell: Regeneration
  1902 | D:2      | Reached skill level 5 in Charms
  1902 | D:2      | Reached XP level 4. HP: 26/29 MP: 2/11
  1947 | D:2      | Noticed Jessica
  2007 | D:2      | Killed Jessica
  2065 | D:2      | Reached skill level 1 in Necromancy
  2862 | D:3      | Reached XP level 5. HP: 30/34 MP: 13/13
  3079 | D:4      | Found a sand-covered staircase.
  3083 | Ossuary  | Entered an ossuary
  3106 | Ossuary  | HP: 1/34 [decayed bog body (7)]
  3107 | Ossuary  | Slain by a decayed bog body

Action                   |  1- 3 |  4- 6 || total
-------------------------+-------+-------++-------
Melee: Falchion          |   141 |   115 ||   256
 Cast: Infusion          |    15 |     5 ||    20
       Shroud of Golubri |     5 |    11 ||    16
       Regeneration      |       |     2 ||     2
  Use: Potion            |     1 |     1 ||     2
       Scroll            |       |     2 ||     2
 Stab: Sleeping          |       |     1 ||     1
